 Dungeon Crawl Stone Soup version 0.16.1-4-g8e1b745 (console) character file.

161 gw the Stinger (level 5, -3/41 HPs)
             Began as a Minotaur Venom Mage on Mar 26, 2015.
             Slain by an orc priest
             ... wielding a +0 dagger
              (4 damage)
             ... on level 3 of the Dungeon.
             The game lasted 00:03:16 (3658 turns).

gw the Stinger (Minotaur Venom Mage)                Turns: 3658, Time: 00:03:16

Health: -3/41      AC:  2    Str: 13    XL:     5   Next: 18%
Magic:  0/6        EV: 15    Int: 15    God:
Gold:   160        SH:  0    Dex: 10    Spells: 2 memorised, 4 levels left

rFire  . . .     SeeInvis .     b - +0 mace
rCold  . . .     Clarity  .     a - +0 robe
rNeg   . . .     SustAb   .     (no shield)
rPois  .         Gourm    .     (helmet restricted)
rElec  .         Spirit   .     (no cloak)
rCorr  .         Warding  .     (no gloves)
rMut   .         Stasis   .     (no boots)
MR     .....                    (no amulet)
Stlth  +.........               (no ring)
                                (no ring)

@: not resistant to hostile enchantments, very unstealthy
A: retaliatory headbutt, horns 2, repulsion field 2, clever 1
a: no special abilities


You were on level 3 of the Dungeon.
You were not hungry.

You visited 1 branch of the dungeon, and saw 3 of its levels.

You collected 160 gold pieces.

Inventory:

Hand weapons
 b - a +0 mace (weapon)
Missiles
 k - 61 stones (quivered)
Armour
 a - a +0 robe (worn)
Scrolls
 e - 2 scrolls of immolation {unknown}
Potions
 f - a potion of flight {unknown}
 g - 3 potions of curing
Books
 d - a Young Poisoner's Handbook

   Spells                             Type                      Level
   a - Sting                          Conjuration/Poison           1
   b - Cure Poison                    Poison                       2
   c - Mephitic Cloud                 Conjuration/Poison/Air       3
   d - Olgreb's Toxic Radiance        Poison                       4
   e - Venom Bolt                     Conjuration/Poison           5
Comestibles
 c - 3 bread rations
 l - a meat ration
 n - a beef jerky


   Skills:
 + Level 2.0 Fighting
 + Level 2.2 Maces & Flails
 + Level 2.2 Armour
 - Level 2.1 Dodging
 - Level 1.5 Stealth
 * Level 2.4 Spellcasting
 + Level 3.3 Poison Magic


You had 4 spell levels left.
You knew the following spells:

 Your Spells              Type           Power        Failure   Level  Hunger
a - Sting                 Conj/Pois      #...         12%         1    #......
b - Mephitic Cloud        Conj/Pois/Air  #.......     43%         3    ###....


Dungeon Overview and Level Annotations

Branches:
Dungeon (3/15)

Altars:
Fedhas


Innate Abilities, Weirdness & Mutations

You reflexively headbutt those who attack you in melee.
You have a pair of horns on your head.
You are surrounded by a moderate repulsion field (EV +3).
Your mind is acute. (Int +2)


Message History

Unknown command.
Unknown command.
Unknown command.
Casting: Sting
Confirm with . or Enter, or press ? or * to list all spells.
Aiming: Sting
Press: ? - help, Shift-Dir - straight line, f - orc priest
Aim: an orc priest, wielding a dagger and wearing a ring mail The sting misses the orc priest.
The orc hits you with a mace. The orc priest hits you with a dagger.
Unknown command.
Unknown command.
Unknown command.
Unknown command.
ATTACK MOVE TO (-1,0)
You hit the orc priest.
You headbutt the orc priest, but do no damage.
The orc priest is lightly wounded.
The orc hits you with a mace. The orc priest hits you with a dagger.
You die...

...........%#.
....##...)....
##.####....#. .##########
##......####.
..%.......###....#.......
#########.....###..#####.
###.#.).)..# ###..
###o..#)..##.###....
#.oH....#.........#.
....>..#########.........
..... #..........#####.
...# #..........###### ..
#................
#.......##.......
#.......#####....
######### #.... ###..


You could see an orc priest and an orc.

Table legend:
 A = Turns spent in this place as a percentage of turns spent in the entire game.
 B = Non-inter-level travel turns spent in this place as a percentage of non-inter-level travel turns spent in the entire game.
 C = Inter-level travel turns spent in this place as a percentage of turns spent in this place.
 D = Turns resting spent in this place as a percentage of non-inter-level travel turns spent in this place.
 E = Turns spent auto-exploring this place as a percentage of non-inter-level travel turns spent in this place.
 F = Non-inter-level travel turns spent in this place divided by the number of levels of this place that you've seen.
                   A       B       C       D       E      F
               +-------+-------+-------+-------+-------+----------------------
         Total | 100.0 | 100.0 |   0.6 |   3.4 |   2.5 | 1382.0
       Dungeon | 100.0 | 100.0 |   0.6 |   3.4 |   2.5 | 1382.0
               +-------+-------+-------+-------+-------+----------------------

Table legend:
 A = Kills in this place as a percentage of kills in entire the game.
 B = Kills by you in this place as a percentage of kills by you in the entire game.
 C = Kills by friends in this place as a percentage of kills by friends in the entire game.
 D = Other kills in this place as a percentage of other kills in the entire game.
 E = Experience gained in this place as a percentage of experience gained in the entire game.
 F = Experience gained in this place divided by the number of levels of this place that you have seen.
                   A       B       C       D       E      F
               +-------+-------+-------+-------+-------+----------------------
         Total | 100.0 | 100.0 |  -nan |  -nan | 100.0 |  76.7
       Dungeon | 100.0 | 100.0 |  -nan |  -nan | 100.0 |  76.7
               +-------+-------+-------+-------+-------+----------------------

Vanquished Creatures
  An orc priest (D:3)
  5 adders
  2 worms (D:2)
  A giant gecko (D:2)
  3 orcs (D:3)
  A ball python (D:2)
  4 hobgoblins
  5 jackals
  A quokka (D:2)
  11 bats
  4 giant cockroaches
  9 giant newts
  7 goblins
  11 kobolds
  6 rats
71 creatures vanquished.

Notes
Turn   | Place    | Note
--------------------------------------------------------------
     0 | D:1      | gw, the Minotaur Venom Mage, began the quest for the Orb.
     0 | D:1      | Reached XP level 1. HP: 14/14 MP: 2/2
   267 | D:1      | Reached skill level 3 in Poison Magic
   534 | D:1      | Reached XP level 2. HP: 22/22 MP: 0/2
   610 | D:1      | Reached skill level 1 in Fighting
  1253 | D:1      | Gained mutation: You are surrounded by a mild repulsion field (EV +2). [potion of mutation]
  1253 | D:1      | Gained mutation: Your mind is acute. (Int +2) [potion of mutation]
  1253 | D:1      | Gained mutation: You are surrounded by a moderate repulsion field (EV +3). [potion of mutation]
  1293 | D:2      | Reached skill level 1 in Armour
  1366 | D:2      | Reached skill level 1 in Maces & Flails
  1366 | D:2      | Reached XP level 3. HP: 23/28 MP: 0/4
  1424 | D:2      | Learned a level 3 spell: Mephitic Cloud
  2005 | D:2      | Reached XP level 4. HP: 28/35 MP: 0/5
  3083 | D:3      | Found a blossoming altar of Fedhas.
  3656 | D:3      | Reached XP level 5. HP: 7/41 MP: 0/6
  3658 | D:3      | HP: 1/41 [orc/mace (4)]
  3658 | D:3      | Slain by an orc priest

Action                   |  1- 3 |  4- 6 || total
-------------------------+-------+-------++-------
Melee: Club              |     8 |       ||     8
       Whip              |    17 |    12 ||    29
       Mace              |       |    17 ||    17
Throw: Stone             |    28 |    16 ||    44
 Cast: Sting             |    54 |    62 ||   116
  Use: Potion            |     4 |     2 ||     6
       Scroll            |     3 |     2 ||     5
  Eat: Chunk             |     5 |     7 ||    12

Vault maps used:
D:1:      dpeg_arrival_tiny_g
D:2:      first_bread
D:3:      minmay_misc_feat_cross, fedhas_altar_2
